 Dungeon Crawl Stone Soup version 0.21.0-37-g46506fa (webtiles) character file.

74 doot the Covered (level 4, 0/40 HPs)
             Began as a Minotaur Fighter on Jan 31, 2018.
             Slain by Sigmund
             ... wielding a +2 scythe of protection
              (10 damage)
             ... on level 2 of the Dungeon.
             The game lasted 00:02:28 (1217 turns).

doot the Covered (Minotaur Fighter)                 Turns: 1217, Time: 00:02:29

Health: 0/40       AC:  9    Str: 21    XL:     4   Next: 10%
Magic:  3/3        EV: 11    Int:  5    God:
Gold:   51         SH:  9    Dex: 10    Spells: 3/3 levels left

rFire    . . .     SeeInvis .   a - +0 flail
rCold    . . .     Gourm    .   c - +0 shield
rNeg     . . .     Faith    .   b - +0 scale mail
rPois    .         Spirit   .   (helmet restricted)
rElec    .         Reflect  .   (no cloak)
rCorr    .         Harm     .   (no gloves)
MR       .....                  k - +1 pair of boots
Stlth    ..........             (no amulet)
HPRegen  0.13/turn              n - +4 ring of evasion
MPRegen  0.08/turn              (no ring)

@: no status effects
A: retaliatory headbutt, horns 2
a: no special abilities


You were on level 2 of the Dungeon.
You were very hungry.

You visited 1 branch of the dungeon, and saw 2 of its levels.

You collected 51 gold pieces.

Inventory:

Hand Weapons
 a - a +0 flail (weapon)
Armour
 b - a +0 scale mail (worn)
 c - a +0 shield (worn)
 k - a +1 pair of boots (worn)
Jewellery
 n - a +4 ring of evasion (left hand)
Scrolls
 e - 3 scrolls of identify {unknown}
 g - a scroll of magic mapping {unknown}
 h - a scroll of amnesia {unknown}
 l - a scroll of enchant armour {unknown}
 m - a scroll of fog {unknown}
Potions
 d - 2 potions of might
 i - a potion of haste {unknown}
 j - 2 potions of curing {unknown}
Comestibles
 f - 2 rations


   Skills:
 + Level 4.3 Fighting
 + Level 3.4 Maces & Flails
 + Level 4.5 Armour
 + Level 0.2 Dodging
 + Level 4.1 Shields


You had 3 spell levels left.
You didn't know any spells.

Dungeon Overview and Level Annotations

Branches:
Dungeon (2/15)

Altars:

Annotations:
D:2 Sigmund, Terence


Innate Abilities, Weirdness & Mutations

You reflexively headbutt those who attack you in melee.
You have a pair of horns on your head.


Message History

The magic dart hits you!
You miss something.
You are feeling very hungry.
Something hits you but does no damage.
You barely miss something. Your headbutt misses something. Something hits you.
Something hits you.
You bump into the rock wall.
You're too confused to move!
You feel less confused.
You hear some strange, mumbled words.
A puff of flame appears from out of thin air!
The puff of flame hits you!
* * * LOW HITPOINT WARNING * * *
You closely miss something. Something hits you.
* * * LOW HITPOINT WARNING * * *
You closely miss something. Something hits you but does no damage.
You closely miss something. Something hits you but does no damage.
You miss something. You block something's attack.
You hit something but do no damage. Something hits you!
You die...

#### ###### ##...## #....#
#......#### #....#######
..........## #....##....#
........#..####....##....######
#.......#.....@{...##....'.....
#.......#..####.#####....######
#......@K(.## #.#####..(..<#...
#......###.<# #....##........##
#...... ##b######.#####...##..
..#########..#####.............
. ...........................
########..######.####.###..
##.######.# #.# #.#


There were no monsters in sight!

Vanquished Creatures
  4 adders (D:2)
  An ooze (D:1)
  3 worms (D:2)
  2 leopard geckos (D:2)
  4 goblins
  4 hobgoblins
  2 jackals (D:1)
  3 kobolds
  A bat (D:2)
  2 rats (D:2)
26 creatures vanquished.

Notes
Turn   | Place    | Note
-------+----------+-------------------------------------------
     0 | D:1      | doot the Minotaur Fighter began the quest for the Orb.
     0 | D:1      | Reached XP level 1. HP: 19/19 MP: 0/0
    97 | D:1      | Reached XP level 2. HP: 21/27 MP: 1/1
   543 | D:2      | Reached XP level 3. HP: 10/33 MP: 2/2
   759 | D:2      | Noticed Terence
  1195 | D:2      | Noticed Sigmund
  1198 | D:2      | Reached XP level 4. HP: 40/40 MP: 3/3
  1217 | D:2      | Slain by Sigmund

Skill      XL: |  1  2  3 |
---------------+----------+-----
Fighting       | 4 |  4.3
Armour         | 4 |  4.5
Shields        | 4 |  4.1
Maces & Flails | 3 |  3.4
Dodging        | |  0.2

Action                   |  1- 3 |  4- 6 || total
-------------------------+-------+-------++-------
Melee: Flail             |    73 |    12 ||    85
       Headbutt          |    10 |     1 ||    11
Armor: Scale mail        |    37 |     4 ||    41
Dodge: Dodged            |    22 |     1 ||    23
Block: Shield            |    39 |     1 ||    40
